 Dungeon Crawl Stone Soup version 0.30-a0-862-g1aabd4f9c5 (webtiles) character file.

Game seed: 11907550566907912119

1447 BigDaddyOpFi the Covered (level 8, -7/73 HPs)
             Began as an Armataur Fighter on Mar 8, 2023.
             Killed from afar by an acid dragon (16 damage)
             ... with a splash of acid
             ... on level 9 of the Dungeon.
             The game lasted 00:06:27 (5566 turns).

BigDaddyOpFi the Covered (Armataur Fighter)         Turns: 5566, Time: 00:06:28

Health: -7/73      AC: 10    Str: 23    XL:     8   Next: 46%
Magic:  8/8        EV: 11    Int:  9    God:
Gold:   239        SH:  5    Dex: 10    Spells: 7/7 levels left

rFire   . . .      SeeInvis .    a - +2 war axe
rCold   . . .      Faith    .    c - +0 buckler
rNeg    . . .      Spirit   .    y - +0 chain mail
rPois   .          Reflect  .    (no helmet)
rElec   .          Roll     +    w - +0 cloak
rCorr   +                        (no gloves)
Will    .....                    (no barding) Stlth
                                 (no amulet)
HPRegen 0.32/turn                o - +5 ring of evasion
MPRegen 0.11/turn                d - ring of resist corrosion

@: no status effects
A: large, rugged brown scales 3, deformed body, armoured tail, roll, long
tongue, awkward tongue
a: no special abilities


You were on level 9 of the Dungeon.
You visited 2 branches of the dungeon, and saw 9 of its levels.
You also visited: Sewer.

You collected 239 gold pieces.

Inventory:

Hand Weapons
 a - a +2 war axe (weapon)
 s - a +0 battleaxe of electrocution
Missiles
 j - a throwing net (quivered)
Armour
 c - a +0 buckler (worn)
 i - a scarf of repulsion
 w - a +0 cloak (worn)
 y - a +0 chain mail (worn)
Jewellery
 d - a ring of resist corrosion (right hand)
 o - a +5 ring of evasion (left hand)
Scrolls
 h - 2 scrolls of noise
 k - a scroll of amnesia
 r - 2 scrolls of fog
 v - a scroll of immolation
Potions
 e - 2 potions of attraction {unknown}
 g - a potion of degeneration
 l - 3 potions of heal wounds
 p - 3 potions of flight {unknown}
 q - a potion of ambrosia {unknown}
 t - 3 potions of brilliance {unknown}
 u - 2 potions of curing


   Skills:
 + Level 5.5 Fighting
 + Level 4.6 Axes
 + Level 7.2 Armour
 + Level 6.6 Shields


You had 7 spell levels left.
You didn't know any spells.
Your spell library was empty.

Dungeon Overview and Level Annotations

Branches:
Dungeon (9/15)             Temple (1/1) D:4           Sewer (visited)
   Lair: D:8-11         Orc: D:9-12

Altars:
Ashenzari
Dithmenos
Elyvilon
Fedhas
Gozag
Makhleb
Qazlal
Ru
Trog
Wu Jian
Xom
Zin

Shops:
D:5 [

Annotations:
D:4 3 runed translucent doors, luigi's ghost, novice FoCK


Innate Abilities, Weirdness & Mutations

You are completely covered in rugged brown scales. (AC +3, +7% HP)
Armour fits poorly on your strangely shaped body.
You have a long armoured tail.
You roll when moving toward enemies. (Rampage)
Your long tongue fully drains potion bottles. (2x potion effects)
Your tongue gives you trouble enunciating. (1.5x scroll delay)


Message History

Found a robe and a scroll labelled WEHAHE KAMAROI.
You feel sick.
As you slowly read the scroll of fear, it crumbles to dust.
You assume a fearsome visage.
The two-headed ogre looks frightened!
You feel sick.
You feel sick.
You feel sick.
You are no longer poisoned.
As you slowly read the scroll of teleportation, it crumbles to dust.
You feel strangely unstable.
A bullfrog comes into view.
The bullfrog gives a loud, deep croak!
Your surroundings suddenly seem different. 5 killer bees come into view.
Found two stone staircases leading up and a stone staircase leading down.
The killer bee buzzes angrily. x5; You hear an angry buzzing noise.
A killer bee comes into view.
You hear a shout! x2
The killer bee attacks as you move away!
The killer bee closely misses you.
The cyclops throws a large rock.
The large rock closely misses you.
The killer bee stings you but does no damage.
Unknown command.
As you slowly read the scroll of fear, it crumbles to dust.
You assume a fearsome visage.
The killer bee looks frightened! x6
The two-headed ogre looks frightened!
The cyclops looks frightened!
A troll comes into view.
As you slowly read the scroll of teleportation, it crumbles to dust.
You feel strangely unstable.
The cyclops looks scared stiff.
Your surroundings suddenly seem different.
An acid dragon and 2 yaks come into view.
The yak bellows! x4
You block the yak's attack.
The cyclops throws a large rock.
The large rock barely misses you. The yak attacks as you move away!
The yak closely misses you. The yak attacks as you move away!
The yak closely misses you. The acid dragon spits acid at you.
The splash of acid hits you! You resist.
You die...

..######...######
...........>.............
.........................
.....?................D....
..................C.?......
...........?.[..........O..
..........?......Y.........
..................Y..$..>..
................@.Y...Y....
............?..............
.........!$........<.......
.[.........................
##...###...##..############
##.## ..#... ### ##.. ###


You could see a cyclops, 4 yaks and an acid dragon (catching breath).

Vanquished Creatures
  Duvessa (D:4)
  An orc warrior (D:8)
  An ice beast (D:5)
  A black bear (D:5)
  An ogre (D:5)
  A centaur (D:5)
  2 bullfrogs (Sewer)
  A scorpion (D:4)
  Dowan (D:4)
  2 howler monkeys (D:7)
  A jelly (D:5)
  A gnoll bouda (D:5)
  5 orc priests
  A hound (D:5)
  An iguana (D:5)
  13 adders
  8 gnolls
  A river rat (D:4)
  2 white imps (D:5)
  3 dart slugs
  22 orcs
  2 endoplasms
  6 giant cockroaches
  6 goblins
  8 hobgoblins
  4 jackals (D:2)
  3 quokkas
  14 ball pythons
  7 bats
  7 frilled lizards
  4 kobolds
  4 rats
135 creatures vanquished.

Notes
Turn   | Place    | Note
-------+----------+-------------------------------------------
     0 | D:1      | BigDaddyOpFi the Armataur Fighter began the quest for the
                  | Orb.
     0 | D:1      | Reached XP level 1. HP: 19/19 MP: 1/1
   491 | D:1      | Reached XP level 2. HP: 26/26 MP: 2/2
  1094 | D:2      | Reached skill level 4 in Armour
  1100 | D:2      | Found a faded altar of an unknown god.
  1106 | D:2      | Reached XP level 3. HP: 33/33 MP: 3/3
  1824 | D:3      | HP: 1/33 [orc priest/divine providence (11)]
  1828 | D:3      | Reached XP level 4. HP: 8/40 MP: 4/4
  2092 | D:3      | Reached XP level 5. HP: 27/48 MP: 5/5
  2569 | D:4      | Found a glowing drain.
  2578 | Sewer    | Entered a sewer
  2589 | Sewer    | Reached skill level 5 in Armour
  2672 | Sewer    | Reached XP level 6. HP: 55/55 MP: 6/6
  3307 | D:4      | Found a runed translucent gate.
  3307 | D:4      | Found a runed translucent gate.
  3307 | D:4      | Found a runed translucent gate.
  3310 | D:4      | Found an opulent altar of Gozag.
  3313 | D:4      | Noticed luigi's ghost (novice FoCK)
  3313 | D:4      | Noticed an ice beast
  3327 | D:4      | Reached skill level 5 in Shields
  3388 | D:4      | Found a staircase to the Ecumenical Temple.
  3411 | Temple   | Entered the Ecumenical Temple
  3620 | D:4      | Noticed Duvessa
  3633 | D:4      | Killed Duvessa
  3634 | D:4      | Reached XP level 7. HP: 28/63 MP: 7/7
  3649 | D:4      | Noticed Dowan
  3665 | D:4      | Killed Dowan
  4214 | D:5      | Entered Level 5 of the Dungeon
  4244 | D:5      | Reached skill level 6 in Armour
  4704 | D:5      | Reached skill level 5 in Fighting
  4728 | D:5      | Reached XP level 8. HP: 58/72 MP: 8/8
  5203 | D:5      | Found Huorhile's Armour Boutique.
  5408 | D:5      | You fall into a shaft and drop 3 floors!
  5456 | D:7      | Reached skill level 7 in Armour
  5544 | D:9      | Noticed a cyclops
  5548 | D:9      | Noticed a two-headed ogre
  5560 | D:9      | Noticed a troll
  5566 | D:9      | Killed from afar by an acid dragon

Illustrated notes

Levels and vault maps discovered:
D:1:      psy_arrival_statuary, layout_basic, chequers_serial_rivers_micro_d,
          roderic_serpentine_path, hangedman_glass_teeth
D:2:      layout_loops_ring, hellmonk_ecumenical_altar_dog_temple,
          minmay_misc_feat_encased
D:3:      layout_rooms, hex_tiny
D:4:      layout_loops_ring, minmay_temple_entry_hall, ebering_ghost_gozag,
          lightli_sewer_entry_pipes, uniq_duvessa
D:5:      layout_basic, serial_shops, nicolae_stop_n_shop_1, minmay_fountain_box
D:7:      layout_basic, lemuel_doored_altar
D:8:      layout_layer_cave, yredelemnul_altar_generic, lair_entry_dummy,
          enter_ossuary_5, uniq_grum
D:9:      layout_cross, mainiacjoe_overflow_alcove_3
Temple:   hellmonk_temple_forest_ring

Skill      XL: |  1  2  3  4  5  6  7  8 |
---------------+-------------------------+-----
Axes           | 2 3 4 |  4.6
Armour         | 4 5 6 7 |  7.2
Fighting       | 3 4 5 |  5.5
Shields        | 4 5 6 |  6.6

Action                     |  1- 3 |  4- 6 |  7- 9 || total
---------------------------+-------+-------+-------++-------
  Melee: War axe           |   115 |   141 |   143 ||   399
         Tailslap          |    12 |    11 |    20 ||    43
    Use: Scroll            |     5 |       |    13 ||    18
         Potion            |     2 |     2 |     1 ||     5
 Armour: Scale mail        |    74 |    49 |    41 ||   164
         Chain mail        |       |       |    22 ||    22
  Dodge: Dodged            |    55 |   117 |   111 ||   283
         Repelled          |       |       |     5 ||     5
  Block: Buckler           |    32 |    32 |    38 ||   102

Table legend: (Time is in decaauts)
 A = Elapsed time spent in this place.
 B = Non-inter-level travel time spent in this place.
 C = Inter-level travel time spent in this place.
 D = Time resting spent in this place.
 E = Time spent auto-exploring this place.
 F = Levels seen in this place.
 G = Mean time per level.
                   A        B        C        D        E       F      G
               +--------+--------+--------+--------+--------+-----+--------+
         Total |   5740 |   5603 |    137 |    905 |   3561 |  10 |  574.0 |
       Dungeon |   4915 |   4785 |    130 |    654 |   3175 |   8 |  614.4 |
        Temple |    136 |    129 |      7 |      0 |    120 |   1 |  136.0 |
         Sewer |    687 |    687 |      0 |    251 |    266 |   1 |  687.0 |
               +--------+--------+--------+--------+--------+-----+--------+

Top non-repeatable levels by time:
     D:5: 1229 daAuts
     D:1: 1077 daAuts
     D:4: 931 daAuts
     D:3: 825 daAuts
   Sewer: 687 daAuts
     D:2: 679 daAuts
  Temple: 136 daAuts
     D:8: 131 daAuts
     D:9: 24 daAuts
     D:7: 16 daAuts
